 Dungeon Crawl Stone Soup version 0.25.1-2-g60ff931df9 (webtiles) character file.

Game seed: 16410957067239382607

1729 Asdor the Spear-Bearer (level 8, -3/61 HPs)
             Began as a Demonspawn Abyssal Knight on Oct 20, 2020.
             Was an Elder of Lugonu.
             Slain by an unseen horror (6 damage)
             ... on level 8 of the Dungeon.
             The game lasted 00:13:04 (8632 turns).

Asdor the Spear-Bearer (Demonspawn Abyssal Knight)  Turns: 8632, Time: 00:13:04

Health: -3/61      AC:  6    Str: 15    XL:     8   Next: 76%
Magic:  11/11      EV: 16    Int: 14    God:    Lugonu [****..]
Gold:   357        SH:  0    Dex: 12    Spells: 7/7 levels left

rFire    x . .     SeeInvis .   z - +4 halberd
rCold    + . .     Gourm    .   (shield currently unavailable)
rNeg     . . .     Faith    .   b - +1 leather armour
rPois    .         Spirit   .   (helmet restricted)
rElec    .         Reflect  .   (no cloak)
rCorr    .         Harm     .   (no gloves)
MR       .....                  (no boots)
Stlth    +.........             (no amulet)
HPRegen  0.20/turn              n - +4 ring of evasion
MPRegen  0.12/turn              B - ring of ice

@: hasted and slowed, lightly drained
A: antennae 1, thin metallic scales 1, demonic guardian 1
a: Depart the Abyss, Bend Space, Banish, Corrupt, Renounce Religion


You were on level 8 of the Dungeon.
You worshipped Lugonu.
Lugonu was greatly pleased with you.
You were not hungry.

You visited 2 branches of the dungeon, and saw 9 of its levels.
You visited the Abyss 1 time.
You also visited: Sewer.

You collected 357 gold pieces.

Inventory:

Hand Weapons
 z - a +4 halberd (weapon)
Armour
 b - a +1 leather armour (worn)
Jewellery
 n - a +4 ring of evasion (left hand)
 B - a ring of ice (right hand)
Wands
 g - a wand of iceblast (19)
 k - a wand of enslavement (8)
 o - a wand of paralysis (20)
 q - a wand of disintegration (6)
Scrolls
 d - 7 scrolls of teleportation
 j - a scroll of remove curse
 p - 3 scrolls of blinking
 t - 2 scrolls of amnesia
 y - a scroll of fear {unknown}
 C - a scroll of magic mapping
Potions
 e - a potion of heal wounds {unknown}
 f - 2 potions of flight {unknown}
 h - 3 potions of curing {unknown}
 i - a potion of berserk rage {unknown}
 l - a potion of brilliance {unknown}
 r - 2 potions of haste
 s - 3 potions of might {unknown}
 u - a potion of mutation {unknown}
 v - 3 potions of resistance {unknown}
 w - 3 potions of stabbing {unknown}
 x - 3 potions of degeneration {unknown}
 A - a potion of invisibility {unknown}
Comestibles
 c - 6 rations


   Skills:
 + Level 4.6(4.2) Fighting
 + Level 8.6(8.1) Polearms
 + Level 3.1(2.7) Armour
 + Level 3.2(2.8) Dodging
 + Level 4.5(4.1) Invocations


You had 7 spell levels left.
You didn't know any spells.
Your spell library contained the following spells:

 Spells                   Type           Power        Failure   Level  Hunger
 Animate Skeleton         Necr           N/A          34%         1    ##.....
 Apportation              Tloc           #.....       34%         1    ##.....
 Beastly Appendage        Tmut           #.....       34%         1    ##.....
 Corona                   Hex            #......      34%         1    ##.....
 Summon Small Mammal      Summ           #...         34%         1    ##.....
 Sticks to Snakes         Tmut           #.......     47%         2    ###....
 Spider Form              Tmut/Pois      #.........   71%         3    ####...
 Ice Form                 Ice/Tmut       #.......     98%         4    #####..
 Blade Hands              Tmut           #.........   100%        5    ######.


Dungeon Overview and Level Annotations

Branches:
Dungeon (8/15)             Temple (1/1) D:4           Sewer (visited)
   Lair: D:8-11

Altars:
Ashenzari
Cheibriados
Elyvilon
Gozag
Hepliaklqana
Kikubaaqudgha
Makhleb
Nemelex Xobeh
Okawaru
Qazlal
Ru
Sif Muna
Trog
Uskayaw
Wu Jian
Xom
Zin
The Shining One

Annotations:
D:5 3 runed translucent doors, 1994's ghost, novice OpTm


Innate Abilities, Weirdness & Mutations

You have a pair of small antennae on your head.
You are partially covered in thin metallic scales. (AC +2)
A weak demonic guardian rushes to your aid.


Message History

You closely miss the orc. Something hits you but does no damage.
Something hits you! The hound bites you.
* * * LOW HITPOINT WARNING * * *
The orc hits you but does no damage. The hound closely misses you.
The orc barely misses you. Something closely misses you.
You feel yourself speed up. Something barely misses you.
The hound closely misses you. The orc hits you but does no damage.
The hound misses you. Something hits you.
* * * LOW HITPOINT WARNING * * *
The hound closely misses you. The orc hits you but does no damage.
Something hits you.
* * * LOW HITPOINT WARNING * * *
Something hits you!
* * * LOW HITPOINT WARNING * * *
Okay, then.
Something closely misses you. Something hits you but does no damage.
You see here an adder skeleton.
Something hits you.
You die...

..# ##.# .#### ..
..# ..... ..#
..##...# ...##
#.....#
#...######../..####
.................#
##.##.{h.....##..
#...@##.........
#...#<...##....####
## #.##.5#o...#
...# #.)))###
.............
##.#..#####.#[#
#.##.. .#... .. #.
.# #.. .. #. .# ...


You could see a hound and a friendly ufetubus (summoned).

Vanquished Creatures
  An orc warrior (D:7)
  A phantom (D:7)
  2 ogres (D:4)
  4 centaurs
  A bullfrog (D:7)
  A water moccasin zombie (D:6)
  2 scorpions
  3 wights (D:6)
  A howler monkey (D:5)
  3 crimson imps
  An orc priest (D:8)
  7 worker ants
  An iguana (D:7)
  A worker ant zombie (D:6)
  10 gnolls
  A howler monkey skeleton (D:4)
  9 adders
  6 river rats
  A shadow imp (D:6)
  3 worms
  2 dart slugs
  7 leopard geckos
  19 orcs
  6 ball pythons
  4 giant cockroaches
  10 hobgoblins
  4 jackals (D:2)
  7 kobolds
  3 quokkas
  5 bats
  13 frilled lizards
  5 goblins
  16 rats
160 creatures vanquished.

Vanquished Creatures (collateral kills)
  An orc wizard (D:8)
  An orc (D:7)
2 creatures vanquished.

Grand Total: 162 creatures vanquished

Notes
Turn   | Place    | Note
-------+----------+-------------------------------------------
     0 | Abyss:1  | Asdor the Demonspawn Abyssal Knight began the quest for the
                  | Orb.
     0 | Abyss:1  | Reached XP level 1. HP: 18/18 MP: 2/2
   147 | Abyss:2  | Noticed a raiju
   185 | Abyss:3  | Noticed an orange demon
   187 | Abyss:3  | Noticed a white very ugly thing
   188 | Abyss:3  | Noticed a large abomination
   189 | D:1      | Escaped the Abyss
   523 | D:1      | Reached skill level 1 in Dodging
   575 | D:1      | Reached * piety under Lugonu
   575 | D:1      | Reached skill level 2 in Polearms
   610 | D:1      | Gained mutation: You have a pair of small antennae on your
                  | head. [demonic ancestry]
   610 | D:1      | Reached XP level 2. HP: 24/24 MP: 3/3
  1423 | D:1      | Gained mutation: You are partially covered in thin metallic
                  | scales. (AC +2) [demonic ancestry]
  1423 | D:1      | Reached XP level 3. HP: 26/29 MP: 4/4
  1855 | D:2      | Reached ** piety under Lugonu
  1866 | D:2      | Reached skill level 3 in Polearms
  1932 | D:2      | Reached XP level 4. HP: 35/35 MP: 5/5
  2087 | D:2      | Found a burning altar of Makhleb.
  2218 | D:2      | Noticed an Executioner
  2760 | D:3      | Found an opulent altar of Gozag.
  2977 | D:3      | Found a shattered altar of Ashenzari.
  3858 | D:4      | Found a staircase to the Ecumenical Temple.
  3862 | D:4      | Reached skill level 4 in Polearms
  3862 | D:4      | Reached XP level 5. HP: 41/41 MP: 6/6
  3871 | Temple   | Entered the Ecumenical Temple
  4153 | D:4      | Noticed an ogre
  4162 | D:4      | Killed an ogre
  4162 | D:4      | Reached skill level 5 in Polearms
  4467 | D:5      | Entered Level 5 of the Dungeon
  4484 | D:5      | Reached XP level 6. HP: 47/47 MP: 7/7
  4685 | D:4      | Reached skill level 6 in Polearms
  4823 | D:5      | Reached XP level 7. HP: 52/52 MP: 8/8
  4889 | D:5      | Noticed 1994's ghost (novice OpTm)
  4893 | D:5      | Found a runed translucent gate.
  4893 | D:5      | Found a runed translucent gate.
  4893 | D:5      | Found a runed translucent gate.
  5104 | D:5      | Reached *** piety under Lugonu
  5104 | D:5      | Reached skill level 7 in Polearms
  5757 | D:6      | Reached skill level 8 in Polearms
  6097 | D:6      | Gained mutation: A weak demonic guardian rushes to your
                  | aid. [demonic ancestry]
  6097 | D:6      | Reached XP level 8. HP: 51/59 MP: 9/9
  6260 | D:6      | Found a glowing drain.
  6264 | Sewer    | Entered a sewer
  7815 | D:6      | Reached **** piety under Lugonu
  8629 | D:8      | HP: 2/61 [something (10)]
  8632 | D:8      | Slain by an unseen horror

Illustrated notes

Levels and vault maps discovered:
D:1:      minmay_arrival_arboretum_small, layout_basic
D:2:      layout_basic, makhleb_altar_promises_db
D:3:      layout_loops_corners, nicolae_overflow_crystal_walls,
          ashenzari_conservatory_becter, ebering_dispersal_statue_hall
D:4:      layout_basic, minmay_temple_entry_drinking_statues,
          minmay_misc_feat_five, chequers_serial_rivers_micro_e
D:5:      lemuel_upstairs_altar, layout_loops_ring, first_ration,
          gammafunk_ghost_split
D:6:      layout_cave_pools, gup_sewer_entry_spiral
D:7:      layout_cave_pools
D:8:      layout_rooms, gammafunk_ghost_hive, grunt_livestock,
          minmay_fractal_squares_gapless_5, uniq_maggie, uniq_prince_ribbit1
Temple:   eino_wide_crystal_templ

Skill      XL: |  1  2  3  4  5  6  7  8 |
---------------+-------------------------+-----
Dodging        | 1 2 3 |  3.2
Polearms       | 2 3 4 5 6 8 |  8.6
Armour         | 3 |  3.1
Invocations    | 4 |  4.5
Fighting       | 4 |  4.6

Action                   |  1- 3 |  4- 6 |  7- 9 || total
-------------------------+-------+-------+-------++-------
Melee: Spear             |    85 |       |       ||    85
       Halberd           |    39 |   155 |   299 ||   493
Invok: Depart the Abyss  |     1 |       |       ||     1
Evoke: Wand              |       |     3 |     2 ||     5
  Use: Scroll            |     3 |     2 |     6 ||    11
       Potion            |     1 |       |     3 ||     4
 Stab: Sleeping          |     3 |     2 |     2 ||     7
       Paralysed         |       |     3 |       ||     3
       Distracted        |       |       |     1 ||     1
  Eat: Chunk             |     3 |     8 |     4 ||    15
       Ration            |       |     1 |     2 ||     3
Armor: Leather armour    |    24 |    29 |    47 ||   100
Dodge: Dodged            |    54 |   107 |   198 ||   359
